AoeStats
← SwolierThanThou

Arabia

507886738Analyzed
1v1 RM · 11d ago on Sep 20, 2026· 30m 42s· 2 players
Game mode
Random Map
Map size
Tiny (2 player)
Population
200
Speed
Normal
Resources
Standard
Victory
Conquest
Starting age
Dark Age
Ending age
Imperial Age
RankedLock teamsTeams togetherTeam positionsShared explorationLock speedFull tech treeHidden civsTurbo modeCheats
Victory
Defeat
🇨🇱 Japanese · Chile
741
+17
🇺🇸 Italians · United States
754
-17
PoncHo
11:35 Feudal Age
17:48 Castle Age
18:59 Horse Collar
19:42 Forging
23:49 Scale Mail Armor
26:01 Heavy Plow
SwolierThanThou
9:27 Loom
11:48 Feudal Age
12:24 Double-Bit Axe
12:22 Horse Collar
14:00 Forging
19:07 Scale Barding Armor
18:53 Fletching
20:07 Bloodlines
25:15 Castle Age
24:15 Padded Archer Armor
27:15 Bow Saw
Connection lost

Rejoining the realm…

Still unreachable

The connection could not be restored.

Session expired

The server has moved on; the page needs a fresh start.